[Event "Titled Tuesday Blitz February 22 Early 2022"]
[White "Suarez Uriel, Adrian"]
[Black "Markelova, Lubov"]
[WhiteFideId "22230874"]
[BlackFideId "24131369"]
[WhiteElo "2316"]
[BlackElo "1820"]
[Result "1-0"]
[Round "02"]
[TimeControl "180+1"]
[Date "2022.02.22"]
[WhiteClock "0:00:43"]
[BlackClock "0:00:08"]

1. e4 e6 2. d4 d5 3. Bd3 dxe4 4. Bxe4 Nf6 5. Bf3 c5 6. Ne2 Nc6 7. Be3 cxd4 8. Nxd4 Ne5 9. Be2 Nd5 10. Bd2 Bc5 11. Nb3 Bb6 12. O-O O-O 13. c4 Ne7 14. Bb4 N5c6 15. Bd6 e5 16. Nc3 Be6 17. Nb5 Nd4 18. N3xd4 exd4 19. c5 Ba5 20. Nxd4 Bd5 21. Bxe7 Qxe7 22. Nf5 Qe6 23. Qxd5 Qxe2 24. c6 Bb6 25. cxb7 Rab8 26. a4 Rfd8 27. Qc6 Qxb2 28. Ne3 Bxe3 29. fxe3 Qxb7 30. Qc4 Re8 31. Rab1 Qxb1 32. Qxf7+ Kh8 33. Qxe8+ Rxe8 34. Rxb1 h6 35. Rb7 Rxe3 36. Rxa7 Ra3 37. Kf2 Kh7 38. a5 Kg6 39. h4 h5 40. a6 Kh7 41. Ra8 g6 42. Ke2 Kg7 43. Kd2 Ra2+ 44. Kc3 Rxg2 45. Kb3 Rg1 46. Kc4 Rg4+ 47. Kb5 Rg1 48. Rc8 Rb1+ 49. Kc6 Ra1 50. Kb7 Kf6 51. Rc5 Rb1+ 52. Kc7 Ra1 53. Kb6 Rxa6+ 54. Kxa6 Kg7 55. Kb6 1-0


[Site "https://www.chess.com"]

[Event "Titled Tuesday Blitz February 22 Early 2022"]
[White "Svane, Frederik"]
[Black "Maltsevskaya, Aleksandra"]
[WhiteFideId "12923044"]
[BlackFideId "24174041"]
[WhiteElo "2459"]
[BlackElo "2283"]
[Result "0-1"]
[Round "02"]
[TimeControl "180+1"]
[Date "2022.02.22"]
[WhiteClock "0:00:34"]
[BlackClock "0:00:28"]

1. e4 c5 2. Nf3 e6 3. d4 cxd4 4. Nxd4 Nf6 5. Nc3 Nc6 6. Be2 Bb4 7. O-O O-O 8. Nxc6 bxc6 9. e5 Nd5 10. Ne4 f5 11. Nd6 Bxd6 12. exd6 a5 13. c4 Nf6 14. Bf4 c5 15. Rb1 a4 16. Be3 Qa5 17. Qe1 Qb6 18. b4 axb3 19. axb3 Qxd6 20. Bf3 Rb8 21. Qc3 Bb7 22. Rfd1 Qc7 23. Bxb7 Rxb7 24. b4 Ng4 25. Bxc5 Qxh2+ 26. Kf1 Ra8 27. Qh3 Qf4 28. Qc3 Ra2 29. Rb2 Rxb2 30. Qxb2 Qxc4+ 31. Kg1 Qxc5 32. Rxd7 Rxd7 33. bxc5 Rd1# 0-1


[Site "https://www.chess.com"]

[Event "Titled Tuesday Blitz February 22 Early 2022"]
[White "Svane, Rasmus"]
[Black "Obolentseva, Alexandra"]
[WhiteFideId "4657101"]
[BlackFideId "24153648"]
[WhiteElo "2645"]
[BlackElo "2113"]
[Result "1-0"]
[Round "02"]
[TimeControl "180+1"]
[Date "2022.02.22"]
[WhiteClock "0:00:09"]
[BlackClock "0:00:12"]

1. Nf3 Nf6 2. g3 g6 3. Bg2 Bg7 4. O-O O-O 5. d4 d6 6. Re1 c5 7. dxc5 dxc5 8. c3 Nc6 9. Qxd8 Rxd8 10. Be3 Nd7 11. Rd1 b6 12. Ne5 Bxe5 13. Bxc6 Rb8 14. Na3 e6 15. Nc4 Bc7 16. Bg5 f6 17. Bxd7 fxg5 18. Bxc8 Rbxc8 19. g4 Kf7 20. Nd2 h6 21. Ne4 Ke7 22. h3 Rd5 23. c4 Rd4 24. Rxd4 cxd4 25. b3 Be5 26. Rd1 a6 27. Kf1 Rf8 28. Kg2 Rd8 29. Rd3 Rc8 30. e3 dxe3 31. fxe3 Rd8 32. Rxd8 Kxd8 33. Kf3 Kd7 34. Nf2 Kc6 35. Ke4 Bg3 36. Nd3 b5 37. c5 a5 38. a3 b4 39. axb4 axb4 40. Nxb4+ Kxc5 41. Nd3+ Kd6 42. b4 Kc6 43. Ne5+ Kb5 44. Nxg6 Kxb4 45. Nf8 Kc3 46. Nxe6 Kd2 47. Kf3 Bd6 48. Nd4 Ke1 49. Nf5 Bf8 50. e4 Kf1 51. e5 Kg1 52. Kg3 Kh1 53. e6 h5 54. gxh5 Bc5 55. Kg4 Kh2 56. h6 1-0


[Site "https://www.chess.com"]

[Event "Titled Tuesday Blitz February 22 Early 2022"]
[White "Sviridov, Valery"]
[Black "Nazari, Arad"]
[WhiteFideId "4120680"]
[BlackFideId "12577324"]
[WhiteElo "2454"]
[BlackElo "2120"]
[Result "1-0"]
[Round "02"]
[TimeControl "180+1"]
[Date "2022.02.22"]
[WhiteClock "0:00:15"]
[BlackClock "0:00:02"]

1. Nf3 Nf6 2. g3 g6 3. Bg2 Bg7 4. O-O O-O 5. c4 c6 6. Nc3 d5 7. cxd5 cxd5 8. d4 Nc6 9. Ne5 Qb6 10. Na4 Qd8 11. Nxc6 bxc6 12. Bf4 Nd7 13. Rc1 Bb7 14. Qd2 Rc8 15. b3 e5 16. dxe5 Bxe5 17. Bxe5 Nxe5 18. Nc5 Qb6 19. e3 Rfe8 20. Qd4 Ba6 21. Rfd1 Be2 22. Rd2 Bf3 23. Qf4 Bxg2 24. Kxg2 Qa5 25. Rcc2 Kg7 26. g4 h6 27. h4 Rcd8 28. Nb7 Qb6 29. Nxd8 Qxd8 30. Kg3 Qe7 31. f3 g5 32. hxg5 hxg5 33. Qf5 Qd6 34. Kg2 Ng6 35. Qd3 Rh8 36. Rf2 Qh2+ 37. Kf1 Qh1+ 38. Ke2 Rh2 39. Rxh2 1-0


[Site "https://www.chess.com"]

[Event "Titled Tuesday Blitz February 22 Early 2022"]
[White "Talibov, Shiroghlan"]
[Black "volunteers1998"]
[WhiteFideId "13429078"]
[WhiteElo "2070"]
[BlackElo "2260"]
[Result "1/2-1/2"]
[Round "02"]
[TimeControl "180+1"]
[Date "2022.02.22"]
[WhiteClock "0:00:05"]
[BlackClock "0:00:19"]

1. e4 c5 2. Nf3 Nc6 3. Nc3 Nf6 4. g3 g6 5. Bg2 Bg7 6. O-O O-O 7. Re1 d6 8. e5 dxe5 9. Nxe5 Nxe5 10. Rxe5 Qc7 11. Re1 Re8 12. d3 Bd7 13. Bf4 Qc8 14. Qd2 Bc6 15. Be5 Bxg2 16. Kxg2 Qc6+ 17. Kg1 Rad8 18. Qe2 Nd5 19. Bxg7 Kxg7 20. Ne4 b6 21. h4 e6 22. h5 Ne7 23. Qe3 Nf5 24. Qg5 e5 25. Qg4 Nd4 26. Rac1 f5 27. h6+ Kg8 28. Qd1 fxe4 29. Rxe4 Qf6 30. Kg2 Rf8 31. Qd2 Nf3 32. Qe3 Ng5 33. Rxe5 Nf7 34. Re6 Qxb2 35. Re1 Qd4 36. Qe2 Nd6 37. f4 Nf5 38. Kh3 Qd7 39. Qf3 Rde8 40. Rxe8 Rxe8 41. Rxe8+ Qxe8 42. Qd5+ Qf7 43. Qd8+ Qf8 44. Qd5+ Qf7 45. Qd8+ Qf8 46. Qd5+ Qf7 1/2-1/2


[Site "https://www.chess.com"]

[Event "Titled Tuesday Blitz February 22 Early 2022"]
[White "Tari, Aryan"]
[Black "De Silva, L M S T"]
[WhiteFideId "1510045"]
[BlackFideId "9953698"]
[WhiteElo "2567"]
[BlackElo "1631"]
[Result "1-0"]
[Round "02"]
[TimeControl "180+1"]
[Date "2022.02.22"]
[WhiteClock "0:00:16"]
[BlackClock "0:00:12"]

1. c4 e5 2. Nc3 Nf6 3. Nf3 Nc6 4. g3 d5 5. cxd5 Nxd5 6. Bg2 Nb6 7. O-O Be7 8. Rb1 a5 9. d3 O-O 10. Be3 Be6 11. d4 exd4 12. Nxd4 Nxd4 13. Bxd4 Nd5 14. Nxd5 Bxd5 15. Bxg7 Bxg2 16. Bxf8 Bxf1 17. Bxe7 Qxd1 18. Rxd1 Bxe2 19. Rd7 Rc8 20. Bf6 Bg4 21. Rd5 Be6 22. Rxa5 h6 23. h4 Kh7 24. h5 c6 25. f3 Bd5 26. Kf2 b5 27. a3 Re8 28. Ra7 Bc4 29. g4 Bd5 30. Rc7 Rb8 31. b4 Ra8 32. Kg3 Re8 33. Kf4 Ra8 34. Ke5 Re8+ 35. Kd4 Re6 36. Be5 Re8 37. Bf6 Re6 38. Be5 Re8 39. Rd7 Ra8 40. Kc5 Kg8 41. Rd6 Kh7 42. Bf4 Rxa3 43. Rxh6+ Kg7 44. g5 Rxf3 45. Be5+ Kf8 46. Bf6 Ke8 47. Kd6 1-0


[Site "https://www.chess.com"]

[Event "Titled Tuesday Blitz February 22 Early 2022"]
[White "Tasev, Dejan"]
[Black "Bortnyk, Olexandr"]
[WhiteFideId "936618"]
[BlackFideId "14120828"]
[WhiteElo "2253"]
[BlackElo "2723"]
[Result "0-1"]
[Round "02"]
[TimeControl "180+1"]
[Date "2022.02.22"]
[WhiteClock "0:00:20"]
[BlackClock "0:00:07"]

1. e4 Nf6 2. e5 Nd5 3. Nc3 Nb6 4. d4 d5 5. exd6 exd6 6. h3 Be7 7. Nf3 O-O 8. Bd3 c5 9. O-O c4 10. Be2 d5 11. Bf4 Bf5 12. a3 Nc6 13. Qd2 a6 14. Nd1 f6 15. Ne3 Be4 16. Rfe1 Bd6 17. Bxd6 Qxd6 18. c3 Rae8 19. Bd1 f5 20. Bc2 Bxf3 21. gxf3 Qh6 22. Nf1 Qxh3 23. Rxe8 Rxe8 24. Qf4 Qh6 25. Qxf5 g6 26. Qg4 Re2 27. Ne3 Qf8 28. Kg2 Qe7 29. Nf5 Qd7 30. Rh1 Rxc2 31. Nh6+ Kg7 32. Qf4 Qe7 33. Ng4 Nd7 34. Qh6+ Kg8 35. Qf4 Rxb2 36. Nh6+ Kg7 37. Ng4 Re2 38. Nh6 Qf6 39. Qc7 Re7 40. Ng4 Qg5 41. Qg3 h5 42. Ne3 Qxg3+ 43. Kxg3 Nf6 44. Kg2 b5 45. Rb1 Na5 46. Rc1 Nb3 47. Rd1 Kf7 48. Kg3 g5 49. Nf5 Re2 50. Ne3 h4+ 51. Kg2 Ra2 52. Rh1 Nh5 53. Nxd5 Nf4+ 54. Nxf4 gxf4 55. Rxh4 Nc1 56. Rg4 Nd3 57. Kh3 Nxf2+ 0-1


[Site "https://www.chess.com"]

[Event "Titled Tuesday Blitz February 22 Early 2022"]
[White "Tay, Junior"]
[Black "Maranhao,Jose Renato Ruiz"]
[WhiteFideId "5800439"]
[BlackFideId "2135175"]
[WhiteElo "2216"]
[BlackElo "1970"]
[Result "1-0"]
[Round "02"]
[TimeControl "180+1"]
[Date "2022.02.22"]
[WhiteClock "0:01:41"]
[BlackClock "0:00:04"]

1. Nc3 d5 2. e4 d4 3. Nce2 c5 4. Ng3 Nc6 5. Nf3 e5 6. Bc4 Qc7 7. d3 Nf6 8. O-O Be7 9. h3 O-O 10. Nh4 Rd8 11. Nhf5 Bf8 12. f4 a6 13. fxe5 Nxe5 14. Bg5 Nxc4 15. Bxf6 Ne3 16. Bxd8 Qxd8 17. Nxe3 dxe3 18. Qf3 Be6 19. Qxe3 Qc7 20. Nf5 Rd8 21. Kh1 Kh8 22. Rf3 b5 23. Raf1 c4 24. d4 f6 25. c3 Bf7 26. e5 fxe5 27. Nxg7 exd4 28. cxd4 Bxg7 29. Rxf7 Qd6 30. Qg5 Bxd4 31. Qf5 Qg6 32. Rf8+ 1-0


[Site "https://www.chess.com"]

[Event "Titled Tuesday Blitz February 22 Early 2022"]
[White "Terzi, Alexei"]
[Black "Martin, Lewis"]
[WhiteFideId "13505076"]
[BlackFideId "410551"]
[WhiteElo "2031"]
[BlackElo "2145"]
[Result "1-0"]
[Round "02"]
[TimeControl "180+1"]
[Date "2022.02.22"]
[WhiteClock "0:00:23"]
[BlackClock "0:00:09"]

1. e4 c5 2. Nc3 Nc6 3. Bb5 Nd4 4. Nf3 a6 5. Bc4 b5 6. Bd5 Rb8 7. Nxd4 cxd4 8. Ne2 Nf6 9. Nxd4 e6 10. Bb3 Nxe4 11. O-O Bc5 12. Nf3 O-O 13. d4 Bb6 14. c3 Bb7 15. Bc2 f5 16. Re1 Bc7 17. h3 Qe8 18. Ne5 d6 19. Nd3 e5 20. dxe5 dxe5 21. f3 Ng3 22. Nc5 Bc6 23. Bb3+ Kh8 24. Ne6 Bb6+ 25. Be3 Bxe3+ 26. Rxe3 e4 27. Nxf8 Qxf8 28. f4 Qc5 29. Qd4 Qxd4 30. cxd4 Nh5 31. g3 Nf6 32. Rc1 Bd5 33. Rc5 Rd8 34. Rec3 Bxb3 35. axb3 Kg8 36. Rc8 Rxc8 37. Rxc8+ Kf7 38. Rc6 a5 39. Rb6 b4 40. Rb5 e3 41. Kg2 Ne4 42. Kf3 Ke6 43. Rxa5 Nd2+ 44. Kxe3 Nxb3 45. Re5+ Kf6 46. Rb5 1-0


[Site "https://www.chess.com"]

[Event "Titled Tuesday Blitz February 22 Early 2022"]
[White "Thomas, Anysia"]
[Black "Kozin, Yuri"]
[WhiteFideId "670472"]
[BlackFideId "4129920"]
[WhiteElo "2002"]
[BlackElo "2562"]
[Result "0-1"]
[Round "02"]
[TimeControl "180+1"]
[Date "2022.02.22"]
[WhiteClock "0:00:01"]
[BlackClock "0:00:11"]

1. d4 d5 2. c4 c6 3. Nf3 Nf6 4. e3 Bf5 5. Nc3 e6 6. Nh4 Be4 7. Qb3 Qb6 8. f3 Bg6 9. Nxg6 hxg6 10. Bd2 Nbd7 11. Be2 Qc7 12. O-O-O dxc4 13. Bxc4 Be7 14. g3 b5 15. Bxe6 fxe6 16. Qxe6 Qd6 17. Qb3 a5 18. Ne4 Nxe4 19. fxe4 a4 20. Qd3 O-O-O 21. Kb1 Kb7 22. Rc1 Nb6 23. e5 Qxe5 24. Qxg6 Qf6 25. Qe4 Qd6 26. Rhf1 Rxh2 27. Ba5 Bf6 28. Rf5 Rd7 29. Rxb5 Bd8 30. Rbc5 Rh6 31. Qg2 Nd5 32. Qc2 Bxa5 33. Qxa4 Bb6 34. R5c2 Qb4 35. Qxb4 Nxb4 36. Rc4 Nd5 0-1


[Site "https://www.chess.com"]

[Event "Titled Tuesday Blitz February 22 Early 2022"]
[White "Timofeev, Artyom"]
[Black "Demin, Vladimir"]
[WhiteFideId "4140419"]
[BlackFideId "4167457"]
[WhiteElo "2583"]
[BlackElo "2572"]
[Result "1-0"]
[Round "02"]
[TimeControl "180+1"]
[Date "2022.02.22"]
[WhiteClock "0:00:13"]
[BlackClock "0:00:01"]

1. d4 Nf6 2. c4 e5 3. dxe5 Ng4 4. Nf3 Bc5 5. e3 Nc6 6. Nbd2 O-O 7. Nb3 Bb4+ 8. Bd2 Bxd2+ 9. Qxd2 Ngxe5 10. Be2 a5 11. Nxe5 Nxe5 12. Nd4 Re8 13. O-O Ra6 14. Rad1 Rh6 15. Nf5 Rf6 16. Ng3 d6 17. Qxa5 Rh6 18. Rfe1 b6 19. Qd5 Be6 20. Qd4 Rh4 21. e4 f5 22. Bf1 f4 23. Nf5 Rh5 24. Qd2 Qg5 25. Nd4 Bg4 26. Be2 Bh3 27. g3 Rf8 28. Nf3 Nxf3+ 29. Bxf3 fxg3 30. Qxg5 Rxg5 31. Re3 gxf2+ 32. Kxf2 Rg2+ 33. Ke1 Rxb2 34. e5 dxe5 35. a4 Kh8 36. Be2 Bc8 37. Rxe5 h6 38. Re7 Bf5 39. Rxc7 Re8 40. Rd2 Rb1+ 41. Kf2 Rb4 42. c5 bxc5 43. Rxc5 Be4 44. a5 Ra4 45. Bb5 Rf8+ 46. Ke3 Rb4 47. Bc4 Bh7 48. a6 Ra4 49. Ra2 Rxa2 50. Bxa2 Ra8 51. Bc4 Bg8 52. Bd3 Bh7 53. Be2 Bg6 54. Rc7 Kg8 55. a7 Kf8 56. Bf3 Re8+ 57. Kf2 Bf5 58. a8=Q 1-0


[Site "https://www.chess.com"]

[Event "Titled Tuesday Blitz February 22 Early 2022"]
[White "Todorovic, Bojan"]
[Black "Al Hosani, Omran"]
[WhiteFideId "917087"]
[BlackFideId "9308733"]
[WhiteElo "2266"]
[BlackElo "2246"]
[Result "1-0"]
[Round "02"]
[TimeControl "180+1"]
[Date "2022.02.22"]
[WhiteClock "0:01:07"]
[BlackClock "0:00:20"]

1. Nf3 d5 2. c4 d4 3. b4 c5 4. e3 Nf6 5. Bb2 dxe3 6. fxe3 cxb4 7. d4 e6 8. Bd3 Be7 9. Nbd2 O-O 10. O-O Nc6 11. e4 e5 12. d5 Bg4 13. h3 Bc5+ 14. Kh1 Bxf3 15. Nxf3 Nd4 16. Nxd4 exd4 17. e5 Nd7 18. Bxh7+ Kxh7 19. Qh5+ Kg8 20. Rf4 g6 21. Qh6 Be7 22. e6 Ne5 23. exf7+ Rxf7 24. Rxf7 Kxf7 25. Bxd4 Qxd5 26. cxd5 1-0


[Site "https://www.chess.com"]

[Event "Titled Tuesday Blitz February 22 Early 2022"]
[White "Tologon tegin, Semetei"]
[Black "Nesterov, Arseniy"]
[WhiteFideId "13800574"]
[BlackFideId "24198455"]
[WhiteElo "2258"]
[BlackElo "2489"]
[Result "1/2-1/2"]
[Round "02"]
[TimeControl "180+1"]
[Date "2022.02.22"]
[WhiteClock "0:00:09"]
[BlackClock "0:00:06"]

1. e4 e5 2. Nc3 Nf6 3. Bc4 Nc6 4. d3 Na5 5. Nge2 d6 6. O-O Be7 7. h3 O-O 8. Be3 h6 9. Ng3 Nxc4 10. dxc4 Be6 11. b3 b6 12. Qd2 Kh7 13. Rad1 a5 14. a4 Ng8 15. Nf5 Bg5 16. f4 exf4 17. Bxf4 Bxf5 18. exf5 Bxf4 19. Rxf4 Nf6 20. g4 Re8 21. Qd3 Kg8 22. Rf3 Nd7 23. Qd2 Ne5 24. Re3 Qg5 25. Qf2 h5 26. Ne4 Qd8 27. f6 hxg4 28. hxg4 Nxg4 29. Qg2 Nxf6 30. Rg3 Nh5 31. Rg5 Rxe4 32. Rxh5 Re6 33. Rg5 Qxg5 34. Qxg5 Rg6 35. Qxg6 fxg6 36. Re1 Kf7 37. Rf1+ Ke6 38. Re1+ Kd7 39. Rf1 Re8 40. Rf2 Re6 41. Kg2 Rf6 42. Re2 Rf5 43. Kg3 g5 44. Kg4 Re5 45. Rh2 Ke7 46. Rh8 Kf7 47. Rc8 Rc5 48. Rd8 Kg6 49. Rd7 Kf6 50. Kg3 g6 51. Kg4 Rc6 52. Kg3 Rc5 53. Kg4 Re5 54. Rxc7 Re2 55. Rc6 Ke5 56. Rxb6 Rxc2 57. Rb5+ Kf6 58. Rxa5 Rb2 59. Ra6 Rxb3 60. Rxd6+ Ke5 61. Rd5+ Ke4 62. a5 Rb4 63. Rc5 Kd4 64. Rxg5 Kxc4 65. a6 Ra4 66. Rxg6 Kb5+ 67. Kf5 Rxa6 68. Rxa6 Kxa6 1/2-1/2


[Site "https://www.chess.com"]

[Event "Titled Tuesday Blitz February 22 Early 2022"]
[White "Tomiello, Mateus Costamilan"]
[Black "Kobo, Ori"]
[WhiteFideId "22701958"]
[BlackFideId "2812320"]
[WhiteElo "1975"]
[BlackElo "2420"]
[Result "0-1"]
[Round "02"]
[TimeControl "180+1"]
[Date "2022.02.22"]
[WhiteClock "0:00:01"]
[BlackClock "0:00:06"]

1. e4 c5 2. Nf3 e6 3. d4 cxd4 4. Nxd4 a6 5. c4 Nf6 6. Nc3 Qc7 7. Be2 Bb4 8. Nc2 Be7 9. O-O b6 10. Be3 d6 11. Rc1 Bb7 12. f3 Nbd7 13. Qd2 Rc8 14. Rfd1 O-O 15. Nd4 Rfe8 16. Bf1 Qb8 17. Qf2 Bf8 18. Nde2 Ba8 19. b3 b5 20. cxb5 axb5 21. b4 Ne5 22. Nd4 Nc4 23. Ncxb5 Nxe3 24. Qxe3 d5 25. e5 Nd7 26. f4 Rxc1 27. Rxc1 Bxb4 28. Nc7 Bc5 29. Nxe8 Qxe8 30. Bb5 Bb6 31. Bxd7 Qxd7 32. Qc3 Bb7 33. Kh1 h6 34. Qb4 Bxd4 35. Qxd4 Ba6 36. Qb6 Bc4 37. Qb8+ Kh7 38. Qb1+ g6 39. Qb2 Qa4 40. a3 Kg7 41. Qb4 Qa7 42. a4 Qe3 43. Rg1 Qxf4 44. Qc3 Qe4 45. a5 Ba6 46. Qc5 Qd3 47. Qb6 d4 48. Qd8 Qf5 49. Qb6 Bc8 50. Qxd4 Ba6 51. Qb4 Bd3 52. Re1 Ba6 53. Qd4 Qc2 54. h3 Bb7 55. Rg1 Qc6 56. Qb6 Qd5 57. a6 Ba8 58. a7 Qe4 59. Qb8 h5 60. Qd6 Qf5 61. Kh2 Qf4+ 62. Kh1 Qg3 63. Qd2 Qxh3# 0-1


[Site "https://www.chess.com"]

[Event "Titled Tuesday Blitz February 22 Early 2022"]
[White "Topalov, Aleksandar"]
[Black "Elgersma, Onno"]
[WhiteFideId "925659"]
[BlackFideId "1053531"]
[WhiteElo "2098"]
[BlackElo "2304"]
[Result "1-0"]
[Round "02"]
[TimeControl "180+1"]
[Date "2022.02.22"]
[WhiteClock "0:01:04"]
[BlackClock "0:00:13"]

1. b3 e6 2. Bb2 Nf6 3. Nf3 b6 4. g3 Bb7 5. Bg2 Be7 6. O-O O-O 7. d3 c5 8. e4 d5 9. exd5 Nxd5 10. Nbd2 Bf6 11. Qc1 Nc3 12. Re1 Nd7 13. Ne4 Nxe4 14. dxe4 Bxb2 15. Qxb2 Qf6 16. e5 Qh6 17. Rad1 Rad8 18. c3 Qh5 19. Qe2 Nxe5 20. Rxd8 Nxf3+ 21. Bxf3 Bxf3 22. Rxf8+ Kxf8 23. Qd3 g6 24. h4 Qg4 25. Qd8+ Kg7 26. Kh2 Qf5 27. Qg5 Qc2 28. Qe3 Bg4 29. b4 cxb4 30. cxb4 f6 31. Rc1 Qxa2 32. Rc7+ Kg8 33. Qd4 1-0


[Site "https://www.chess.com"]

[Event "Titled Tuesday Blitz February 22 Early 2022"]
[White "Tsydypov, Zhamsaran"]
[Black "Hjartarson, Johann"]
[WhiteFideId "4108566"]
[BlackFideId "2300044"]
[WhiteElo "2614"]
[BlackElo "2484"]
[Result "1/2-1/2"]
[Round "02"]
[TimeControl "180+1"]
[Date "2022.02.22"]
[WhiteClock "0:00:10"]
[BlackClock "0:00:18"]

1. Nf3 Nf6 2. c4 g6 3. Nc3 Bg7 4. e4 d6 5. d4 O-O 6. h3 e5 7. dxe5 dxe5 8. Qxd8 Rxd8 9. Bg5 Re8 10. Nd5 Nxd5 11. cxd5 c6 12. d6 Be6 13. O-O-O Nd7 14. b3 f6 15. Be3 a5 16. Kb2 Bf8 17. a4 Reb8 18. Be2 b5 19. axb5 cxb5 20. Rd2 a4 21. b4 a3+ 22. Ka1 Ra6 23. Rhd1 Kf7 24. Ne1 Bc4 25. Bg4 Rb7 26. Bc5 h5 27. Bxd7 Rxd7 28. Nc2 Ke6 29. Ne3 Rc6 30. Nxc4 bxc4 31. Ka2 c3 32. Rc2 Bxd6 33. Bxd6 Rdxd6 34. Rxd6+ Kxd6 35. Kxa3 Rc4 36. f3 Kc6 37. Kb3 Kb5 38. Rxc3 Rxb4+ 39. Kc2 Rc4 40. Kb3 Rxc3+ 41. Kxc3 h4 42. Kb3 Kc5 43. Kc3 g5 44. Kc2 Kc4 45. Kd2 Kd4 46. Ke2 Kc3 47. Ke3 Kc4 48. Ke2 Kc3 49. Ke3 Kc4 50. Ke2 Kc3 1/2-1/2


[Site "https://www.chess.com"]

[Event "Titled Tuesday Blitz February 22 Early 2022"]
[White "Urazayev, Arystanbek"]
[Black "Dziththauly, Ramadhan"]
[WhiteFideId "13709810"]
[BlackFideId "7105525"]
[WhiteElo "2321"]
[BlackElo "2586"]
[Result "1-0"]
[Round "02"]
[TimeControl "180+1"]
[Date "2022.02.22"]
[WhiteClock "0:02:42"]
[BlackClock "0:02:16"]

1. e4 c5 2. Nf3 d6 3. d4 cxd4 4. Nxd4 Nf6 5. Nc3 a6 6. Rg1 e5 7. Nb3 h5 8. h3 Be6 9. g4 hxg4 10. hxg4 Nc6 11. g5 Nd7 12. g6 f6 13. Be3 Be7 14. Nd5 b5 15. a4 b4 16. Bc4 Qc8 17. Nxe7 Kxe7 18. Bxe6 Kxe6 19. Qd5+ Ke7 20. Qf7+ Kd8 21. Qxg7 Kc7 22. O-O-O Qg8 23. Bb6+ Kxb6 24. Qxd7 Rd8 25. a5+ Nxa5 26. Rxd6+ 1-0


[Site "https://www.chess.com"]

[Event "Titled Tuesday Blitz February 22 Early 2022"]
[White "Urquhart, Ed"]
[Black "Seifert, Henryk"]
[WhiteFideId "2603748"]
[BlackFideId "1100963"]
[WhiteElo "2184"]
[BlackElo "2120"]
[Result "0-1"]
[Round "02"]
[TimeControl "180+1"]
[Date "2022.02.22"]
[WhiteClock "0:00:02"]
[BlackClock "0:00:11"]

1. e4 e6 2. d4 d5 3. Nd2 c5 4. Ngf3 Nc6 5. exd5 exd5 6. Bd3 c4 7. Be2 Bd6 8. O-O Nge7 9. Re1 O-O 10. Nf1 Bf5 11. Ng3 Bg6 12. Bf1 Qc7 13. Nh4 Rfe8 14. Nxg6 hxg6 15. Be2 Nf5 16. c3 b5 17. Bf3 Rxe1+ 18. Qxe1 Nce7 19. Bg5 Re8 20. Nxf5 gxf5 21. Bxd5 Bxh2+ 22. Kf1 Bd6 23. Qe2 Rf8 24. Bf3 Ng6 25. Qc2 Qd7 26. Bh5 Nf4 27. Bxf4 Bxf4 28. g3 Qd5 29. Kg1 Bd6 30. Re1 f4 31. Qe2 fxg3 32. Bf3 gxf2+ 33. Qxf2 Qg5+ 34. Qg2 Qh4 35. Re4 Qh6 36. Re1 g6 37. Bd5 Kg7 38. Bc6 a6 39. Bb7 a5 40. Bc6 b4 41. Bd5 bxc3 42. bxc3 Rh8 43. Bxc4 f5 44. Rb1 Kf6 45. Rb6 Qe3+ 46. Kf1 Qc1+ 47. Kf2 Qd2+ 48. Kf3 Qf4+ 49. Ke2 Rh2 50. Qxh2 Qxh2+ 51. Kd3 Qg3+ 52. Kc2 Qf4 53. Kb3 g5 0-1


[Site "https://www.chess.com"]

[Event "Titled Tuesday Blitz February 22 Early 2022"]
[White "Van Foreest, Jorden"]
[Black "Tregubov, Pavel V."]
[WhiteFideId "1039784"]
[BlackFideId "4115341"]
[WhiteElo "2609"]
[BlackElo "2341"]
[Result "1-0"]
[Round "02"]
[TimeControl "180+1"]
[Date "2022.02.22"]
[WhiteClock "0:00:35"]
[BlackClock "0:00:01"]

1. e4 e6 2. d4 d5 3. Nd2 c5 4. exd5 exd5 5. Ngf3 Nc6 6. Bb5 Qe7+ 7. Be2 Qc7 8. O-O Nf6 9. dxc5 Bxc5 10. Nb3 Be7 11. h3 O-O 12. c3 Bf5 13. Bd3 Be4 14. Re1 Rfe8 15. Bg5 Rad8 16. Nbd4 a6 17. Qd2 Na5 18. Nf5 Bxf5 19. Bxf5 Nc4 20. Qc2 h6 21. Bh4 Ne4 22. Bxe4 dxe4 23. Rxe4 Bxh4 24. Rxh4 b5 25. Rd4 Rxd4 26. Nxd4 Qe5 27. Rd1 Qf6 28. Nf3 a5 29. Rd5 Qc6 30. Rd1 a4 31. b3 axb3 32. axb3 Nd6 33. Qd3 Ne4 34. Re1 f5 35. Nd4 Rd8 36. Nxf5 Rxd3 37. Ne7+ Kf8 38. Nxc6 Nxc3 39. Ne5 Rd5 40. h4 b4 41. h5 Nb5 42. g4 Nd4 43. Ng6+ Kf7 44. Re3 Rg5 45. f3 Rc5 46. Kg2 Rc3 47. Re4 Nxb3 48. Rxb4 Nd2 49. Rf4+ Ke6 50. Rf5 Nc4 51. Nf4+ 1-0


[Site "https://www.chess.com"]

[Event "Titled Tuesday Blitz February 22 Early 2022"]
[White "Vine, Elzbieta"]
[Black "Popadic, Dragan"]
[WhiteFideId "1119320"]
[BlackFideId "913650"]
[WhiteElo "1879"]
[BlackElo "2199"]
[Result "1/2-1/2"]
[Round "02"]
[TimeControl "180+1"]
[Date "2022.02.22"]
[WhiteClock "0:00:03"]
[BlackClock "0:00:02"]

1. e4 c5 2. Nf3 Nc6 3. d4 cxd4 4. Nxd4 Nf6 5. Nc3 e5 6. Ndb5 d6 7. Bg5 a6 8. Na3 b5 9. Nd5 Be7 10. Bxf6 Bxf6 11. c4 O-O 12. Bd3 b4 13. Nc2 Rb8 14. Nce3 Bg5 15. O-O Nd4 16. Nf5 Bxf5 17. exf5 a5 18. b3 Kh8 19. Qh5 Bf6 20. g4 h6 21. Kh1 a4 22. bxa4 b3 23. axb3 Rxb3 24. Rad1 Ra3 25. Rg1 Bg5 26. h4 Bxh4 27. f6 Bxf6 28. Qf5 Rxd3 29. Qxd3 Ne6 30. Nxf6 Qxf6 31. Qxd6 Ra8 32. Qc6 Rb8 33. a5 Qh4+ 34. Kg2 Nf4+ 35. Kf1 Qh3+ 36. Ke1 Qc3+ 37. Kf1 Qh3+ 38. Ke1 Qc3+ 39. Kf1 Qh3+ 1/2-1/2


[Site "https://www.chess.com"]

[Event "Titled Tuesday Blitz February 22 Early 2022"]
[White "Vitiugov, Nikita"]
[Black "Ginzburg, Yakov"]
[WhiteFideId "4152956"]
[BlackFideId "4157176"]
[WhiteElo "2673"]
[BlackElo "2265"]
[Result "1-0"]
[Round "02"]
[TimeControl "180+1"]
[Date "2022.02.22"]
[WhiteClock "0:00:22"]
[BlackClock "0:00:05"]

1. e4 c5 2. Nf3 e6 3. g3 d5 4. exd5 exd5 5. Bg2 Nf6 6. O-O Be7 7. d4 cxd4 8. Nxd4 O-O 9. h3 Nc6 10. Be3 Ne5 11. Nd2 Bd7 12. c3 Re8 13. Qb3 Bc6 14. N2f3 Nc4 15. Bf4 Ne4 16. Rfe1 Bf6 17. h4 Qd7 18. Qc2 h6 19. Rad1 Rad8 20. Kh2 Qc8 21. Nxc6 Qxc6 22. Nd4 Qb6 23. Re2 Qa6 24. a4 Ncd6 25. Bf3 Kh8 26. Kg2 Kg8 27. Rde1 Qb6 28. Bxd6 Nxd6 29. Rxe8+ Rxe8 30. Rxe8+ Nxe8 31. Bxd5 Bxd4 32. cxd4 Nf6 33. Qc8+ Kh7 34. Bxf7 Qxb2 35. Qf5+ Kh8 36. Qe5 Kh7 37. h5 1-0


[Site "https://www.chess.com"]

[Event "Titled Tuesday Blitz February 22 Early 2022"]
[White "Vlassov, Nikolai"]
[Black "Chigaev, Maksim"]
[WhiteFideId "4103360"]
[BlackFideId "4108116"]
[WhiteElo "2407"]
[BlackElo "2502"]
[Result "0-1"]
[Round "02"]
[TimeControl "180+1"]
[Date "2022.02.22"]
[WhiteClock "0:00:34"]
[BlackClock "0:01:08"]

1. e4 c5 2. c3 d5 3. exd5 Nf6 4. d4 Nxd5 5. dxc5 e6 6. b4 a5 7. Nf3 axb4 8. cxb4 Nxb4 9. Qxd8+ Kxd8 10. Na3 Bxc5 11. Rb1 Rxa3 12. Bxa3 Nc2+ 13. Kd2 Nxa3 14. Rd1 Ke7 15. Kc3 Bd7 16. Ne5 Ba4 17. Rd2 Rc8 18. Kd3 Rd8+ 19. Ke2 Bb5+ 20. Kd1 Ba4+ 21. Ke2 Nd7 22. Nxd7 Bxd7 23. Rb2 b6 24. Kf3 Bc6+ 25. Kg3 Rd1 26. h4 Nc4 27. Rc2 Nd2 28. Bb5 Ne4+ 29. Kf4 Rxh1 30. Bxc6 Rxh4+ 31. Kf3 f5 32. g3 Rh2 0-1


[Site "https://www.chess.com"]